 Dungeon Crawl Stone Soup version 0.29-a0-369-gd956c00756 (webtiles) character file.

Game seed: 1956378950225783084

5947 terff the Geomancer (level 10, -13/56 HPs)
             Began as a Gargoyle Earth Elementalist on May 1, 2022.
             Was an Elder of Sif Muna.
             Mangled by Gastronok (24 damage)
             ... on level 9 of the Dungeon.
             The game lasted 00:31:43 (11202 turns).

terff the Geomancer (Gargoyle Earth Elementalist)  Turns: 11202, Time: 00:31:43

Health: -13/56     AC: 16    Str: 15    XL:     10   Next: 84%
Magic:  12/21      EV: 12    Int: 23    God:    Sif Muna [****..]
Gold:   244        SH:  5    Dex: 10    Spells: 11/24 levels left

rFire   + . .      SeeInvis .   z - +3 war axe of Wipup {venom, rF+}
rCold   . . .      Faith    .   (no shield)
rNeg    + . .      Spirit   .   h - +3 leather armour
rPois   ∞          Reflect  +   l - +1 helmet
rElec   +          Harm     .   (no cloak)
rCorr   .          Rampage  .   (no gloves)
Will    .....                   (no boots)
Stlth   ++........              g - amulet of reflection
HPRegen 0.18/turn               d - +6 ring of intelligence
MPRegen 0.17/turn               (no ring)

@: no status effects
A: sickness immunity, AC +7, negative energy resistance 1, electricity
resistance, torment resistance 1, petrification resistance
a: Renounce Religion, Channel Magic, Forget Spell, Divine Exegesis


You were on level 9 of the Dungeon.
You worshipped Sif Muna.
Sif Muna was greatly pleased with you.
You visited 2 branches of the dungeon, and saw 10 of its levels.
You also visited: Ossuary.

You collected 272 gold pieces.
You spent 28 gold pieces at shops.

Inventory:

Hand Weapons
 i - a +0 flail of venom
 p - a +3 whip
 z - the +3 war axe of Wipup (weapon) {venom, rF+}
   (You found it on level 7 of the Dungeon)

   It poisons the flesh of those it strikes.
   rF:        It protects you from fire.
Missiles
 a - 98 stones
 x - 6 throwing nets
Armour
 h - a +3 leather armour (worn)
 l - a +1 helmet (worn)
Jewellery
 d - a +6 ring of intelligence (left hand)
 g - an amulet of reflection (around neck)
Wands
 o - a wand of mindburst (16)
 B - a wand of flame (14)
Scrolls
 e - 4 scrolls of blinking
 n - 3 scrolls of fog
 v - 4 scrolls of teleportation
 y - a scroll of identify
 A - a scroll of magic mapping
 C - a scroll of vulnerability {unknown}
 D - a scroll of brand weapon {unknown}
Potions
 b - 5 potions of cancellation
 c - 2 potions of magic
 f - 6 potions of lignification
 j - a potion of berserk rage {unknown}
 k - a potion of curing {unknown}
 m - 2 potions of might {unknown}
 q - 3 potions of invisibility
 r - a potion of flight {unknown}
 s - 2 potions of heal wounds {unknown}
 t - 2 potions of degeneration {unknown}
 u - 2 potions of mutation {unknown}
 w - a potion of attraction {unknown}
 E - a potion of brilliance {unknown}


   Skills:
 + Level 3.2 Fighting
 + Level 2.7(4.4) Axes
 + Level 5.8(6.2) Maces & Flails
 + Level 4.5 Armour
 + Level 4.3 Dodging
 + Level 4.1 Stealth
 + Level 1.8 Shields
 + Level 7.6 Spellcasting
 + Level 3.0 Conjurations
 + Level 1.0 Translocations
 + Level 0.7 Transmutations
 + Level 10.3 Earth Magic


You had 11 spell levels left.
You knew the following spells:

 Your Spells              Type           Power      Damage    Failure   Level
a - Sandblast             Erth           100%       2d20      1%          1
b - Passwall              Tmut/Erth      28%        N/A       1%          2
c - Stone Arrow           Conj/Erth      78%        3d11      1%          3
d - Blink                 Tloc           26%        N/A       9%          2
e - Petrify               Tmut/Erth      34%        N/A       9%          4
f - Apportation           Tloc           26%        N/A       6%          1

Your spell library contained the following spells:

 Spells                   Type           Power      Damage    Failure   Level
 Ensorcelled Hibernation  Hex/Ice        16%        N/A       14%         2
 Lesser Beckoning         Tloc           13%        N/A       17%         3
 Portal Projectile        Hex/Tloc       22%        N/A       22%         3
 Swiftness                Air            8%         N/A       26%         3
 Hailstorm                Conj/Ice       15%        3d5       43%         4
 Manifold Assault         Tloc           13%        N/A       85%         5
 Blade Hands              Tmut           6%         N/A       88%         5
 Alistair's Intoxication  Tmut/Pois      6%         N/A       91%         5
 Agony                    Necr           8%         N/A       94%         5
 Excruciating Wounds      Necr           4%         N/A       94%         5
 Simulacrum               Ice/Necr       4%         N/A       100%        6
 Sublimation of Blood     Necr           Unusable   N/A       N/A         2

Dungeon Overview and Level Annotations

Branches:
Dungeon (9/15)             Temple (1/1) D:4         Ossuary (visited)
   Lair: D:8-11         Orc: D:9-12

Altars:
Ashenzari
Cheibriados
Dithmenos
Elyvilon
Fedhas
Gozag
Hepliaklqana
Kikubaaqudgha
Makhleb
Okawaru
Qazlal
Ru
Sif Muna
Trog
Uskayaw
Vehumet
Wu Jian
Xom
Yredelemnul
The Shining One

Shops:
D:3 *   D:7 =(((

Annotations:
D:9 Gastronok


Innate Abilities, Weirdness & Mutations

You are immune to sickness and miasma.
Your stone body is resilient. (AC +7)
You are immune to poison.
You resist negative energy. (rN+)
You are resistant to electric shocks. (rElec)
You are resistant to unholy torment.
You are immune to petrification.


Message History

Aim: Gastronok, wearing a +0 hat (lightly wounded, 100% to hit)
The stone arrow hits Gastronok!!
Gastronok is moderately wounded.
Casting: Stone Arrow (safe; 1% risk of failure)
Confirm with . or Enter, or press ? or * to list all spells.
Aiming: Sandblast (safe; 1% risk of failure)
Press: ? - help, Shift-Dir - straight line, f/p - Gastronok
Aim: Gastronok, wearing a +0 hat (moderately wounded, 100% to hit)
The blast of sand hits Gastronok.
Gastronok is moderately wounded.
Casting: Sandblast (safe; 1% risk of failure)
Confirm with . or Enter, or press ? or * to list all spells.
Aiming: Sandblast (safe; 1% risk of failure)
Press: ? - help, Shift-Dir - straight line, f/p - Gastronok
Aim: Gastronok, wearing a +0 hat (moderately wounded, 100% to hit)
The blast of sand hits Gastronok!!
Gastronok is heavily wounded.
Gastronok bites you!
You hit Gastronok.
Gastronok is heavily wounded.
You slash Gastronok!
Gastronok is heavily wounded.
Gastronok bites you!!
Ouch! That really hurt!
* * * LOW HITPOINT WARNING * * *
You slash Gastronok!
Gastronok is poisoned.
Gastronok is severely wounded.
You barely miss Gastronok.
Gastronok is severely wounded.
You block Gastronok's attack.
You completely miss Gastronok.
Gastronok is severely wounded.
Gastronok bites you.
* * * LOW HITPOINT WARNING * * *
You slash Gastronok!
Gastronok looks as sick as possible!
Gastronok is severely wounded.
You slash Gastronok!
Gastronok looks as sick as possible!
Gastronok is almost dead.
Gastronok bites you!!
You die...

.......#.<
.............+.......#.>
.............#.......#..
#............#.......#..
#............#########..
#.......................
#............######.....
#....w....# #.....
#...@# +..... #....#
#..... ###....# #.....
#......# #..... #......#
#..... ####...# +.....
#...# ######..... #...#
#......)...
#...######..........


You could see Gastronok (extremely poisoned).

Vanquished Creatures
  A hydra (D:8)
  A cyclops (D:8)
  Sigmund (D:3)
  6 yaks (D:8)
  A wyvern (D:7)
  2 steam dragons (D:8)
  A water moccasin (D:8)
  2 orc warriors
  2 black bears (D:7)
  An ice beast (D:5)
  3 ogres
  4 centaurs
  A phantom (D:6)
  3 kobold brigands
  5 bullfrogs
  3 scorpions
  2 gnoll sergeants
  A water moccasin zombie (Ossuary)
  3 killer bees (D:7)
  3 howler monkeys (D:8)
  2 jellies
  3 gnoll shamans
  4 orc priests
  4 hounds
  Crazy Yiuf (D:6)
  5 iguanas
  9 orc wizards
  2 mummies (Ossuary)
  Robin (D:3)
  14 gnolls
  10 adders
  A shadow imp (D:6)
  A white imp (D:6)
  An ufetubus (D:3)
  5 adder zombies (Ossuary)
  3 dart slugs
  29 orcs
  4 bats
  5 endoplasms
  6 giant cockroaches
  15 goblins
  8 hobgoblins
  A jackal (D:4)
  A quokka (D:5)
  9 ball pythons
  5 frilled lizards
  4 gnoll zombies (Ossuary)
  3 hobgoblin zombies (Ossuary)
  20 kobolds
  7 kobold zombies (Ossuary)
  5 orc zombies (Ossuary)
  6 rats
240 creatures vanquished.

Notes
Turn   | Place    | Note
-------+----------+-------------------------------------------
     0 | D:1      | terff the Gargoyle Earth Elementalist began the quest for
                  | the Orb.
     0 | D:1      | Reached XP level 1. HP: 10/10 MP: 3/3
   138 | D:1      | Reached skill level 4 in Earth Magic
   138 | D:1      | Reached XP level 2. HP: 15/15 MP: 1/5
   496 | D:1      | Got the Collected Works on Doomed Snow
   500 | D:1      | Learned a level 2 spell: Passwall
   590 | D:1      | You fall into a shaft and drop 1 floor!
   658 | D:2      | Reached XP level 3. HP: 7/19 MP: 4/6
  2054 | D:2      | Reached XP level 4. HP: 24/24 MP: 5/8
  2140 | D:2      | Learned a level 3 spell: Stone Arrow
  2484 | D:3      | Reached XP level 5. HP: 19/28 MP: 1/9
  2498 | D:3      | Reached skill level 1 in Maces & Flails
  2788 | D:3      | Noticed Robin
  2850 | D:3      | Killed Robin
  3023 | D:3      | Reached skill level 5 in Earth Magic
  3050 | D:3      | Found Jynwoff's General Store.
  3056 | D:3      | Bought a scroll of identify for 28 gold pieces
  3263 | D:3      | Noticed Sigmund
  3267 | D:3      | Killed Sigmund
  3268 | D:3      | Reached skill level 1 in Fighting
  3268 | D:3      | Reached skill level 1 in Armour
  3268 | D:3      | Reached XP level 6. HP: 34/34 MP: 4/10
  3912 | D:4      | Reached XP level 7. HP: 26/38 MP: 5/12
  4057 | D:4      | Found a staircase to the Ecumenical Temple.
  4067 | Temple   | Entered the Ecumenical Temple
  4224 | Temple   | Became a worshipper of Sif Muna the Loreminder
  4626 | D:5      | Entered Level 5 of the Dungeon
  4637 | D:5      | Reached skill level 6 in Earth Magic
  4715 | D:5      | Noticed a vampire mosquito
  4740 | D:5      | Found a sand-covered staircase.
  4765 | Ossuary  | Entered an ossuary
  4926 | Ossuary  | Reached * piety under Sif Muna
  5046 | Ossuary  | Reached XP level 8. HP: 28/43 MP: 11/14
  5338 | D:5      | Learned a level 2 spell: Blink
  5343 | D:5      | Learned a level 4 spell: Petrify
  5931 | D:5      | Reached ** piety under Sif Muna
  6153 | D:6      | Reached skill level 7 in Earth Magic
  6441 | D:6      | Reached skill level 1 in Conjurations
  6617 | D:6      | Reached skill level 5 in Spellcasting
  6617 | D:6      | Reached XP level 9. HP: 36/48 MP: 3/16
  6829 | D:6      | Found a runed translucent door.
  6830 | D:6      | Noticed Crazy Yiuf
  7001 | D:6      | Killed Crazy Yiuf
  7091 | D:7      | Reached skill level 8 in Earth Magic
  7458 | D:7      | Reached skill level 5 in Maces & Flails
  7729 | D:7      | Found Peorgh's Antique Weapon Boutique.
  7732 | D:7      | Found Evvuj's Weapon Boutique.
  7732 | D:7      | Found Kiduqu's Jewellery Boutique.
  7733 | D:7      | Found Tiemaadu's Antique Weapon Boutique.
  7749 | D:7      | Reached *** piety under Sif Muna
  8109 | D:7      | Reached skill level 1 in Shields
  8373 | D:7      | Identified the +3 war axe of Wipup {venom, rF+}
  8644 | D:7      | Found a shadowy altar of Dithmenos.
  8832 | D:8      | Noticed a six-headed hydra
  8836 | D:8      | Reached skill level 9 in Earth Magic
  8838 | D:8      | Reached XP level 10. HP: 55/55 MP: 7/19
  8964 | D:8      | Noticed a cyclops
  9171 | D:8      | Killed a cyclops
  9620 | D:8      | Killed a seven-headed hydra
  9621 | D:8      | Reached skill level 1 in Axes
  9920 | D:8      | Reached skill level 10 in Earth Magic
 10641 | D:8      | Reached skill level 1 in Translocations
 10642 | D:8      | Reached **** piety under Sif Muna
 10893 | D:8      | Learned a level 1 spell: Apportation
 11190 | D:9      | Noticed Gastronok
 11202 | D:9      | Mangled by Gastronok

Illustrated notes

Levels and vault maps discovered:
D:1:      nzn_arrival_crosshair, layout_rooms, serial_curves, eino_curves_02,
          eino_curves_02
D:2:      layout_loops_ring, lemuel_old_faithful
D:3:      layout_loops_cross, serial_shops, shop, uniq_sigmund, uniq_robin
D:4:      layout_gridville, lemuel_temple_firewalk_b, minmay_surrounded
D:5:      layout_basic, nicolae_ossuary_entry_monument, corexii_shack,
          st_stairs_11
D:6:      layout_rooms, palyth_stone_intersect, uniq_crazy_yiuf_cottage
D:7:      layout_basic, lemuel_coloured_pillars_altar, minmay_misc_feat_chi,
          minmay_shop_grid_forest
D:8:      layout_loops_ring, grunt_potential
D:9:      cheibrodos_statue_roulette, layout_irregular_city,
          chequers_temple_overflow_statue_of_worship, uniq_erica,
          uniq_gastronok, uniq_maggie
Temple:   mainiacjoe_temple_bowtie_tessellation

Skill      XL: |  1  2  3  4  5  6  7  8  9 10 |
---------------+-------------------------------+-----
Earth Magic    | 4 5 6 7 9 10 | 10.3
Dodging        | 2 3 4 |  4.3
Spellcasting   | 3 4 5 6 7 |  7.6
Maces & Flails | 1 2 3 4 5 |  5.8
Fighting       | 1 2 3 |  3.2
Armour         | 1 2 3 4 |  4.5
Stealth        | 3 4 |  4.1
Conjurations   | 1 2 3 |  3.0
Shields        | 1 |  1.8
Axes           | 2 |  2.7
Translocations | 1 |  1.0
Transmutations | |  0.7

Action                   |  1- 3 |  4- 6 |  7- 9 | 10-12 || total
-------------------------+-------+-------+-------+-------++-------
Melee: Club              |    48 |       |       |       ||    48
       Unarmed           |     1 |       |       |       ||     1
       Whip              |    34 |    99 |       |       ||   133
       Punch             |       |     1 |     2 |     2 ||     5
       Flail             |       |    23 |   208 |       ||   231
       War axe           |       |       |    11 |    60 ||    71
 Cast: Sandblast         |    23 |    37 |    95 |    32 ||   187
       Stone Arrow       |       |     4 |    30 |    19 ||    53
       Blink             |       |       |     2 |     2 ||     4
  Use: Scroll            |     5 |     3 |     5 |     2 ||    15
 Stab: Sleeping          |     1 |     4 |     3 |       ||     8
Armor: Robe              |    36 |       |       |       ||    36
       Leather armour    |     8 |    89 |   121 |    40 ||   258
Dodge: Dodged            |    66 |    82 |   160 |    52 ||   360
Block: Other             |       |       |    30 |    15 ||    45
       Reflection        |       |       |     2 |       ||     2

Table legend: (Time is in decaauts)
 A = Elapsed time spent in this place.
 B = Non-inter-level travel time spent in this place.
 C = Inter-level travel time spent in this place.
 D = Time resting spent in this place.
 E = Time spent auto-exploring this place.
 F = Levels seen in this place.
 G = Mean time per level.
                   A        B        C        D        E       F      G
               +--------+--------+--------+--------+--------+-----+--------+
         Total |  11307 |  11006 |    301 |   2304 |   6322 |  11 | 1027.9 |
       Dungeon |  10620 |  10345 |    275 |   2038 |   6144 |   9 | 1180.0 |
        Temple |    184 |    158 |     26 |      0 |    130 |   1 |  184.0 |
       Ossuary |    502 |    502 |      0 |    266 |     48 |   1 |  502.0 |
               +--------+--------+--------+--------+--------+-----+--------+

Top non-repeatable levels by time:
     D:7: 2283 daAuts
     D:8: 1542 daAuts
     D:2: 1303 daAuts
     D:1: 1222 daAuts
     D:6: 1212 daAuts
     D:3: 1045 daAuts
     D:5: 1039 daAuts
     D:4: 902 daAuts
 Ossuary: 502 daAuts
  Temple: 184 daAuts
     D:9: 68 daAuts
